 Dungeon Sprint DCSS version 0.32-a0-433-g08bcfe7efd (webtiles) character file.

Game seed: 10511007682855613892

14765 rocky1 the Warrior (level 12, 0/158 HPs)
             Began as an Oni Fighter on Feb 23, 2024.
             Was an Initiate of Gozag.
             Slain by a red devil
             ... wielding a +0 trident
             ... summoned by an orc high priest
              (12 damage)
             ... in the Dungeon (Sprint IX: "|||||||||||||||||||||||||||||").
             The game lasted 00:13:09 (4216 turns).

rocky1 the Warrior (Oni Fighter)                    Turns: 4216, Time: 00:13:10

Health: 0/158      AC: -4    Str: 27    XL:     12   Next: 20%
Magic:  12/12      EV: 12    Int:  9    God:    Gozag
Gold:   1628       SH:  0    Dex:  8    Spells: 11/11 levels left

rFire   . . .        e - +1 dire flail of Cixiupod {vamp, +Blink rCorr}
rCold   . . .        (shield currently unavailable)
rNeg    . . .        b - +0 robe
rPois   .            (helmet restricted)
rElec   .            (no cloak)
rCorr   +            (gloves unavailable)
SInv    .            (boots unavailable)
Will    +....        (no amulet)
Stlth   +            (no ring)
HPRegen 0.46/turn    (no ring)
MPRegen 0.13/turn

%: no teleportation
@: spiked, corroded
A: large, unfitting armour, horns 1, tough skin 1, double potion healing,
drunken brawling
a: Renounce Religion, Evoke Blink, Potion Petition, Call Merchant, Bribe Branch


You were in the Dungeon.
You worshipped Gozag.
Gozag was most pleased with you.
You visited 1 branch You collected 7056 gold pieces.
You spent 1367 gold pieces at shops.
You paid 4061 gold pieces to Gozag.

Inventory:

Hand Weapons
 a - a +0 flail
 e - the +1 dire flail of Cixiupod (weapon) {vamp, +Blink rCorr}
   (You bought it in a shop in the Dungeon)

   +Blink:    It lets you blink.
   rCorr:     It protects you from acid and corrosion.
 p - a +2 dire flail of protection
 q - a +0 lajatang
 y - a +4 heavy broad axe
 z - a +2 heavy flail
Armour
 b - a +0 robe (worn)
 c - a +0 kite shield
 d - the +3 hat of Pondering {ponderous, Will+ MP+10 Int+5}
   (You took it off Gastronok in the Dungeon)

   Int+5:     It affects your intelligence (+5).
   Will+:     It increases your willpower.
   MP+10:     It affects your magic capacity (+10).
Jewellery
 f - a ring of resist corrosion
 n - a +2 ring of protection
 o - a +3 ring of strength
Scrolls
 j - a scroll of blinking
 l - 2 scrolls of amnesia
 r - a scroll of identify
 s - a scroll of fog
Potions
 g - a potion of resistance
 h - 5 potions of magic
 i - a potion of mutation
 k - a potion of cancellation
 u - a potion of heal wounds
 v - 2 potions of attraction
 w - a potion of enlightenment
 x - a potion of curing


   Skills:
 + Level 20.6 Fighting
 * Level 5.1(12.0) Axes
 - Level 16.6(16.9) Maces & Flails
 * Level 6.5 Armour
 - Level 12.0 Dodging
 + Level 12.4 Shields
 - Level 2.4 Evocations


You had 11 spell levels left.
You didn't know any spells.
Your spell library was empty.

Dungeon Overview and Level Annotations

Branches:
Dungeon (1/1)

Altars:
Cheibriados
Dithmenos
Elyvilon
Fedhas
Gozag
Hepliaklqana
Kikubaaqudgha
Makhleb
Nemelex Xobeh
Okawaru
Qazlal
Ru
Sif Muna
Trog
Uskayaw
Vehumet
Wu Jian
Xom
Yredelemnul
Zin
The Shining One
Beogh
Jiyva
Lugonu

Shops:
D ((*[


Innate Abilities, Weirdness & Mutations

You are too large for most types of armour.
You have a pair of small horns on your head.
You have tough skin. (AC +1)
You gain doubled healing and magic from potions.
Whenever you drink a healing potion, you attack all around you.


Message History

There is an open door to Orc:2, spattered with blood here.
Items here: $ ))) [[.
You close the door, pushing everything out of the way.
Things that are here:
153 gold pieces; a +0 whip; a +0 scimitar You start resting.
A rust devil opens the door.
The rust devil hits you. The rust devil corrodes you!
The orc high priest mumbles some strange prayers to Beogh.
There is an open door to Orc:2, spattered with blood here.
You bludgeon the rust devil!!
The rust devil is heavily wounded.
You puncture the rust devil!
The rust devil is severely wounded.
The rust devil hits you! The rust devil corrodes you!
The orc high priest barely misses you.
You closely miss the rust devil.
The rust devil is severely wounded.
You hit the rust devil but do no damage.
You headbutt the rust devil, but do no damage.
The rust devil is severely wounded.
The rust devil hits you! The rust devil corrodes you!
The orc high priest barely misses you.
You barely miss the rust devil.
The rust devil is severely wounded.
The rust devil hits you. The rust devil corrodes you!
The orc high priest hits you from afar with a +0 glaive!!
* * * LOW HITPOINT WARNING * * *
You bludgeon the rust devil!!
You kill the rust devil!
The rust devil disappears in a puff of smoke!
The red devil hits you from afar with a +0 trident!
* * * LOW HITPOINT WARNING * * *
Barbed spikes become lodged in your body.
The orc high priest mumbles some strange prayers to Beogh.
Items here: $ )) [[.
You closely miss the orc high priest.
The red devil hits you from afar with a +0 trident!
You die...
Your body crumbles into a pile of gold.

▓▓▓▓▓▓▓▓▓▓▓▓▓▓▓▓▓▓▓▓▓▓▓▓▓
..))))))).....$3@o4$$∩.∩o
▓▓▓▓▓▓▓▓▓▓▓▓▓▓▓▓▓▓▓▓▓▓▓▓▓▓▓▓▓▓▓▓▓
.................................
▓▓▓▓▓▓▓▓▓▓▓▓▓▓▓▓▓▓▓▓▓▓▓▓▓▓▓▓▓▓▓▓▓
......'.........'.........[.('..[
▓▓▓▓▓▓▓▓▓▓▓▓▓▓▓▓▓▓▓▓▓▓▓▓▓▓▓▓▓▓▓▓▓
.................)...............
▓▓▓▓▓▓▓▓▓▓▓▓▓▓▓▓▓▓▓▓▓▓▓▓▓▓▓▓▓▓▓▓▓
________________'..).[[[..)).)...


You could see a soul eater (summoned), an orc high priest and a red devil
(summoned).

Vanquished Creatures
  Gastronok (D)
  A centaur warrior (D)
  Erica (D)
  4 death yaks (D)
  4 orc high priests (D)
  2 orc knights (D)
  An orc sorcerer (D)
  A manticore (D)
  2 cane toads (D)
  A kobold demonologist (D)
  2 komodo dragons (D)
  A hornet (D)
  A polar bear (D)
  2 blink frogs (D)
  2 slime creatures (D)
  A shadow (D)
  A vampire (D)
  8 yaks (D)
  A wyvern (D)
  Eustachio (D)
  An acid dragon (D)
  5 water moccasins (D)
  An ice beast (D)
  9 orc warriors (D)
  2 wolves (D)
  A bullfrog (D)
  2 scorpions (D)
  7 orc priests (D)
  A bombardier beetle (D)
  An orc wizard (D)
  A white imp (D)
  8 orcs (D)
  An endoplasm (D)
  A quokka (D)
  A frilled lizard (D)
  2 kobolds (D)
82 creatures vanquished.

Notes
Turn   | Place    | Note
-------+----------+-------------------------------------------
     0 | D        | rocky1 the Oni Fighter began the quest for the Orb.
     0 | D        | Reached XP level 1. HP: 24/24 MP: 1/1
    37 | D        | Noticed an ice beast
    37 | D        | Noticed a scorpion
    37 | D        | Noticed a bombardier beetle
    37 | D        | Noticed a scorpion
    42 | D        | Killed an ice beast
    43 | D        | Reached skill level 7 in Fighting
    43 | D        | Reached skill level 5 in Dodging
    43 | D        | Reached XP level 2. HP: 6/40 MP: 2/2
    43 | D        | Reached XP level 3. HP: 7/46 MP: 3/3
    43 | D        | Reached XP level 4. HP: 9/55 MP: 4/4
   306 | D        | Killed a scorpion
   307 | D        | Reached skill level 8 in Fighting
   307 | D        | Reached skill level 5 in Maces & Flails
   307 | D        | Reached skill level 5 in Shields
   307 | D        | Reached XP level 5. HP: 47/63 MP: 5/5
   319 | D        | Reached XP level 6. HP: 40/74 MP: 6/6
   324 | D        | Found a roughly hewn altar of Beogh.
   324 | D        | Found a snail-covered altar of Cheibriados.
   324 | D        | Found a shadowy altar of Dithmenos.
   324 | D        | Found a white marble altar of Elyvilon.
   324 | D        | Found a blossoming altar of Fedhas.
   324 | D        | Found an opulent altar of Gozag.
   325 | D        | Found a hazy altar of Hepliaklqana.
   326 | D        | Found a viscous altar of Jiyva.
   327 | D        | Found an ancient bone altar of Kikubaaqudgha.
   328 | D        | Found a corrupted altar of Lugonu.
   329 | D        | Found a burning altar of Makhleb.
   330 | D        | Found a sparkling altar of Nemelex Xobeh.
   331 | D        | Found an iron altar of Okawaru.
   332 | D        | Became a worshipper of Gozag Ym Sagoz the Greedy
   333 | D        | Found a stormy altar of Qazlal.
   334 | D        | Found a sacrificial altar of Ru.
   335 | D        | Found a shimmering blue altar of Sif Muna.
   336 | D        | Found a bloodstained altar of Trog.
   337 | D        | Found a hide-covered altar of Uskayaw.
   338 | D        | Found a radiant altar of Vehumet.
   339 | D        | Found an ornate altar of the Wu Jian Council.
   340 | D        | Found a shimmering altar of Xom.
   341 | D        | Found a basalt altar of Yredelemnul.
   342 | D        | Found a glowing silver altar of Zin.
   343 | D        | Found a glowing golden altar of the Shining One.
   436 | D        | Noticed a shadow
   436 | D        | Noticed a yak
   436 | D        | Noticed a kobold demonologist
   436 | D        | Noticed a wyvern
   436 | D        | Noticed a yak
   448 | D        | Killed a shadow
   449 | D        | Reached skill level 10 in Fighting
   455 | D        | Killed a yak
   456 | D        | Reached XP level 7. HP: 44/87 MP: 7/7
   467 | D        | Killed a kobold demonologist
   468 | D        | Reached skill level 11 in Fighting
   481 | D        | Killed a wyvern
   482 | D        | Reached XP level 8. HP: 52/97 MP: 8/8
   490 | D        | Killed a yak
   491 | D        | Reached skill level 10 in Maces & Flails
   850 | D        | Noticed a slime creature
   850 | D        | Noticed a centaur warrior
   850 | D        | Noticed a manticore
   850 | D        | Noticed a vampire
   850 | D        | Noticed a slime creature
   859 | D        | Killed a slime creature
   866 | D        | Killed a centaur warrior
   867 | D        | Reached skill level 12 in Fighting
   867 | D        | Reached skill level 1 in Evocations
   867 | D        | Reached XP level 9. HP: 109/109 MP: 9/9
   874 | D        | Killed a manticore
   875 | D        | Reached skill level 13 in Fighting
  1419 | D        | Noticed Eustachio
  1439 | D        | Killed Eustachio
  1546 | D        | Noticed a cane toad
  1546 | D        | Noticed a cane toad
  1550 | D        | Noticed a polar bear
  1553 | D        | Killed a cane toad
  1554 | D        | Reached skill level 14 in Fighting
  1554 | D        | Reached skill level 10 in Shields
  1564 | D        | Noticed a hornet
  1574 | D        | Reached XP level 10. HP: 26/122 MP: 10/10
  1868 | D        | Reached skill level 10 in Dodging
  1873 | D        | Killed a cane toad
  1897 | D        | HP: 3/123 [poisoned by a hornet]
  1900 | D        | Reached skill level 15 in Fighting
  1983 | D        | Reached skill level 16 in Fighting
  2534 | D        | Noticed a death yak
  2534 | D        | Noticed a death yak
  2534 | D        | Noticed a death yak
  2542 | D        | Killed a death yak
  2543 | D        | Reached skill level 15 in Maces & Flails
  2545 | D        | Noticed a death yak
  2551 | D        | Killed a death yak
  2552 | D        | Reached XP level 11. HP: 105/137 MP: 11/11
  2556 | D        | Killed a death yak
  2557 | D        | Reached skill level 17 in Fighting
  2563 | D        | Killed a death yak
  2949 | D        | Noticed Gastronok
  2975 | D        | Killed Gastronok
  2976 | D        | Reached skill level 18 in Fighting
  2978 | D        | Noticed Erica
  2980 | D        | Bought a faintly glowing dire flail for 288 gold pieces
  2980 | D        | Identified the +1 dire flail of Cixiupod {vamp, +Blink
                  | rCorr} (You bought it in a shop in the Dungeon)
  2997 | D        | Killed Erica
  3479 | D        | Noticed an orc knight
  3494 | D        | Killed an orc knight
  3906 | D        | Bought a potion of resistance for 140 gold pieces
  3906 | D        | Bought a potion of cancellation for 112 gold pieces
  3906 | D        | Bought a potion of heal wounds for 70 gold pieces
  3906 | D        | Bought a potion of attraction for 42 gold pieces
  3906 | D        | Bought a potion of enlightenment for 70 gold pieces
  3906 | D        | Bought a potion of curing for 42 gold pieces
  3906 | D        | Bought a potion of attraction for 42 gold pieces
  3906 | D        | Bought a potion of heal wounds for 70 gold pieces
  3906 | D        | Bought a potion of curing for 42 gold pieces
  3906 | D        | Bought a potion of magic for 112 gold pieces
  3908 | D        | Bought a glowing broad axe for 175 gold pieces
  3908 | D        | Bought a runed flail for 162 gold pieces
  3926 | D        | Noticed an orc sorcerer
  3926 | D        | Noticed an orc high priest
  3928 | D        | Paralysed by an orc sorcerer for 3 turns
  3930 | D        | Noticed a sixfirhy
  3933 | D        | Killed an orc sorcerer
  3934 | D        | Reached skill level 19 in Fighting
  3934 | D        | Reached skill level 1 in Axes
  3934 | D        | Noticed an orc knight
  3961 | D        | Killed an orc high priest
  3962 | D        | Reached skill level 5 in Armour
  3971 | D        | Killed an orc knight
  3978 | D        | Reached XP level 12. HP: 123/156 MP: 12/12
  4167 | D        | Found Hethupsu's Assorted Antiques.
  4167 | D        | Noticed an orc high priest
  4167 | D        | Noticed an orc high priest
  4167 | D        | Noticed an orc high priest
  4171 | D        | Killed an orc high priest
  4172 | D        | Reached skill level 20 in Fighting
  4185 | D        | Killed an orc high priest
  4192 | D        | Killed an orc high priest
  4193 | D        | Reached skill level 5 in Axes
  4193 | D        | Found Genysitu's Antique Armour Shoppe.
  4199 | D        | Noticed an orc high priest
  4216 | D        | Noticed a soul eater
  4216 | D        | Slain by a red devil

Illustrated notes

Levels and vault maps discovered:
D:        linesprint [early_d, line_temple, items_1, d_10, items_2, lair_1,
          lair_end, items_3, orc_1, orc_end, items_4, d_15, swamp_1, shoals_1,
          snake_1, spider_1, d_20, vaults_1, items_5, swamp_end, shoals_end,
          snake_end, spider_end, vaults_end, d_27, items_6, zot_1, zot_end,
          crypt_end, forest_end, elf_end, slime_end, tomb_end, abyss_end,
          pan_hell_end]

Skill      XL: |  1  2  3  4  5  6  7  8  9 10 11 12 |
---------------+-------------------------------------+-----
Dodging        | 5 6 7 8 9 11 12 | 12.0
Shields        | 4 5 6 7 8 9 10 11 12 | 12.4
Fighting       | 7 8 10 11 12 14 16 19 20 | 20.6
Maces & Flails | 4 5 6 8 9 12 13 15 16 | 16.6
Evocations     | 1 2 |  2.4
Armour         | 5 6 |  6.5
Axes           | 3 5 |  5.1

Action                     |  1- 3 |  4- 6 |  7- 9 | 10-12 || total
---------------------------+-------+-------+-------+-------++-------
  Melee: Flail             |    19 |    33 |   112 |   130 ||   294
         Headbutt          |     2 |     4 |    22 |    60 ||    88
         Dire flail        |       |       |       |   147 ||   147
 Invoke: Potion Petition   |       |       |       |     4 ||     4
         Call Merchant     |       |       |       |     3 ||     3
  Evoke: Wand              |       |       |     3 |     7 ||    10
    Use: Potion            |       |     2 |    11 |     7 ||    20
         Scroll            |       |       |     1 |     4 ||     5
   Stab: Invisible         |       |       |       |     1 ||     1
         Distracted        |       |       |       |     2 ||     2
 Armour: Robe              |    10 |    14 |    80 |    95 ||   199
  Dodge: Dodged            |     5 |     6 |    30 |    52 ||    93
  Block: Kite shield       |     8 |    14 |    41 |    45 ||   108

Table legend: (Time is in decaauts)
 A = Elapsed time spent in this place.
 B = Non-inter-level travel time spent in this place.
 C = Inter-level travel time spent in this place.
 D = Time resting spent in this place.
 E = Time spent auto-exploring this place.
 F = Levels seen in this place.
 G = Mean time per level.
                   A        B        C        D        E       F      G
               +--------+--------+--------+--------+--------+-----+--------+
         Total |   4100 |   4100 |      0 |   3125 |      0 |   1 | 4100.0 |
       Dungeon |   4100 |   4100 |      0 |   3125 |      0 |   1 | 4100.0 |
               +--------+--------+--------+--------+--------+-----+--------+

Top non-repeatable levels by time:
       D: 4100 daAuts
